Map: Romanticide LE

Players

NameMeLegion

  • Race: Zerg Zerg
  • League: Grandmaster

oliM - Winner!

  • Race: Protoss Protoss
  • League: Grandmaster

VOD

Have the link to the VOD?

Description

Time

  • Played on: April 18, 2021, 9:18 a.m.
  • Length: 13:17
Show
View Real Time Build Order
Export as new Build Order

NameMeLegion Zerg 

Build Orders: Hatch First, Brood Lord Corruptor 

Get SALT Encoding   

  12  0:00  Drone  
  13  0:08  Drone  
  13  0:14  Extractor  
  13  0:15  Drone  
  15  0:37  Hatchery  
  15  0:41  Extractor, Drone  
  15  0:48  Overlord  
  15  1:02  Spawning Pool  
  14  1:06  Drone  
  14  1:09  Drone  
  16  1:12  Extractor  
  16  1:15  Drone  
  16  1:19  Drone  
  17  1:27  Drone  
  18  1:38  Drone  
  19  1:49  Queen x2  
  19  1:50  Drone  
  19  1:52  Zergling x2  
  25  2:00  Drone  
  26  2:01  Overlord  
  26  2:10  Drone  
  26  2:11  Zergling x2  
  28  2:21  Drone  
  28  2:22  Drone  
  30  2:30  Pneumatized Carapace  
  30  2:40  Drone x2  
  30  2:41  Hatchery  
  31  2:44  Overlord  
  31  2:49  Drone  
  32  2:58  Drone x4  
  36  3:06  Queen  
  36  3:08  Drone  
  36  3:10  Overlord  
  39  3:19  Metabolic Boost  
  39  3:20  Drone x3  
  42  3:29  Drone  
  42  3:33  Drone  
  42  3:34  Drone x5  
  49  3:50  Overlord x2  
  49  3:56  Drone  
  50  4:04  Spore Crawler  
  50  4:06  Queen  
  50  4:07  Spore Crawler  
  50  4:09  Drone x2, Spore Crawler  
  51  4:11  Drone x6  
  57  4:19  Overlord x2  
  57  4:25  Zergling x4  
  59  4:33  Lair  
  59  4:34  Drone x2  
  59  4:35  Drone x2, Extractor  
  61  4:39  Overlord  
  61  4:40  Drone  
  61  4:41  Drone  
  61  4:42  Drone x3  
  65  4:51  Zergling x4  
  67  4:54  Queen  
  67  4:59  Extractor, Drone x3  
  72  5:00  Drone x4  
  72  5:02  Extractor  
  72  5:04  Drone  
  72  5:05  Evolution Chamber  
  72  5:07  Drone  
  75  5:11  Drone  
  75  5:13  Overlord x3  
  74  5:31  Drone x3  
  74  5:32  Drone, Overseer, Zerg Melee Weapons Level 1, Extractor  
  75  5:36  Baneling Nest, Hydralisk Den  
  75  5:38  Drone x3  
  73  5:49  Drone  
  74  5:50  Drone x3  
  74  5:51  Extractor  
  74  5:52  Drone x2  
  74  5:54  Drone  
  74  5:57  Overlord x4  
  79  6:04  Hatchery  
  79  6:10  Muscular Augments  
  79  6:11  Hydralisk x7  
  92  6:22  Drone  
  92  6:25  Infestation Pit, Drone  
  93  6:28  Centrifical Hooks  
  93  6:35  Overlord x2  
  93  6:38  Zergling x20  
  103  6:51  Overseer  
  103  6:52  Overseer  
  103  6:58  Drone x8  
  111  7:04  Hive  
  111  7:10  Evolution Chamber  
  111  7:11  Drone  
  111  7:14  Drone x6  
  117  7:23  Drone x4  
  121  7:31  Grooved Spines  
  121  7:43  Drone  
  121  7:46  Drone x7, Spore Crawler, Extractor x2  
  121  7:51  Zerg Melee Weapons Level 2  
  125  7:52  Zerg Missile Weapons Level 1  
  125  7:54  Baneling x10  
  125  7:56  Zergling x16  
  133  8:07  Spire, Drone, Hatchery  
  133  8:10  Drone  
  133  8:11  Drone x3  
  136  8:15  Drone x2, Spine Crawler x2  
  136  8:16  Drone, Spine Crawler  
  136  8:17  Overlord  
  136  8:18  Spine Crawler  
  136  8:19  Spine Crawler  
  134  8:27  Adrenal Glands  
  133  8:35  Hatchery  
  133  8:37  Spine Crawler x2  
  133  8:39  Spine Crawler  
  133  8:41  Viper x3  
  129  8:44  Drone  
  129  8:46  Ultralisk Cavern  
  129  8:47  Drone, Spine Crawler  
  138  8:52  Spore Crawler  
  138  8:54  Spine Crawler  
  136  8:58  Zergling x16  
  136  8:59  Baneling x5  
  136  9:00  Baneling x2  
  136  9:01  Overlord x3  
  136  9:02  Overlord  
  144  9:04  Baneling x10  
  137  9:28  Spine Crawler  
  137  9:30  Greater Spire, Zergling x2, Spine Crawler x2  
  137  9:31  Zergling x32  
  149  9:35  Hatchery  
  149  9:36  Drone  
  149  9:41  Baneling x10  
  149  9:46  Drone x2, Spine Crawler  
  149  9:50  Spine Crawler  
  149  9:52  Spine Crawler  
  149  9:53  Spine Crawler  
  149  9:57  Corruptor x6  
  131  10:21  Zergling x16  
  131  10:26  Baneling x2  
  131  10:27  Baneling x4  
  137  10:43  Brood Lord x6  
  137  10:45  Hydralisk x5  
  159  10:52  Baneling x4  
  159  10:53  Baneling x3  
  159  10:54  Zergling x2, Spine Crawler x2  
  159  10:55  Zergling x10  
  163  10:58  Spore Crawler  
  162  11:04  Extractor  
  162  11:07  Extractor  
  162  11:08  Drone x2  
  162  11:09  Drone x6  
  168  11:17  Zerg Ground Armor Level 1  
  168  11:21  Corruptor x2  
  172  11:38  Corruptor x4  
  179  11:51  Corruptor x4  
  175  12:01  Brood Lord x2  
  177  12:12  Corruptor x2  
  181  12:18  Baneling x3  
  181  12:23  Overlord x3  
  181  12:24  Overlord  
Show
View Real Time Build Order
Export as new Build Order

oliM Protoss - Winner!

Build Orders: 1 Gate Expand, Oracle Opening, Carriers 

Get SALT Encoding   

  12  0:00  Probe  
  13  0:12  Probe  
  14  0:20  Pylon  
  14  0:24  Probe  
  15  0:38  Gateway, Probe (Chrono Boost)  
  16  0:48  Assimilator  
  16  0:49  Probe (Chrono Boost)  
  17  0:53  Probe (Chrono Boost)  
  18  1:04  Probe  
  19  1:16  Probe  
  20  1:24  Nexus  
  20  1:33  Cybernetics Core  
  20  1:36  Probe  
  21  1:43  Assimilator  
  21  1:48  Probe  
  21  1:51  Pylon  
  22  2:00  Probe (Chrono Boost)  
  23  2:07  Adept (Chrono Boost)  
  23  2:13  Probe (Chrono Boost)  
  26  2:21  Stargate, Probe (Chrono Boost)  
  27  2:27  Probe  
  28  2:31  Stalker  
  30  2:37  Probe  
  30  2:39  Probe  
  30  2:40  Warp Gate  
  32  2:49  Probe (Chrono Boost)  
  34  2:54  Probe (Chrono Boost)  
  34  3:01  Void Ray (Chrono Boost), Probe (Chrono Boost)  
  36  3:07  Probe x2 (Chrono Boost)  
  41  3:15  Probe x2  
  41  3:19  Pylon  
  43  3:27  Probe x2  
  43  3:31  Gateway  
  45  3:36  Oracle (Chrono Boost)  
  45  3:39  Probe  
  45  3:40  Probe  
  50  3:51  Probe  
  50  3:52  Probe  
  52  4:03  Nexus  
  52  4:04  Probe x2, Pylon  
  54  4:15  Pylon  
  54  4:16  Void Ray  
  54  4:19  Assimilator  
  54  4:22  Assimilator, Probe (Chrono Boost)  
  60  4:28  Probe (Chrono Boost)  
  60  4:31  Robotics Facility  
  61  4:32  Probe (Chrono Boost)  
  61  4:35  Pylon  
  61  4:36  Probe (Chrono Boost)  
  61  4:37  Probe (Chrono Boost)  
  63  4:47  Probe  
  63  4:49  Probe  
  65  4:53  Forge, Adept x2  
  65  4:54  Twilight Council  
  65  4:59  Probe  
  70  5:01  Probe (Chrono Boost)  
  71  5:13  Probe (Chrono Boost)  
  73  5:17  Adept, Probe (Chrono Boost)  
  73  5:18  Adept  
  79  5:21  Probe (Chrono Boost)  
  79  5:22  Probe (Chrono Boost)  
  79  5:24  Probe (Chrono Boost)  
  79  5:25  Gateway  
  79  5:26  Gateway  
  79  5:27  Probe  
  80  5:29  Shield Battery  
  80  5:30  Observer  
  80  5:31  Probe  
  80  5:35  Probe  
  84  5:37  Protoss Ground Weapons Level 1  
  84  5:39  Probe  
  84  5:41  Charge (Chrono Boost)  
  84  5:42  Assimilator, Sentry x2  
  87  5:43  Probe  
  87  5:45  Assimilator  
  87  5:47  Probe, Pylon  
  87  5:51  Probe  
  87  5:54  Pylon  
  87  5:55  Probe  
  87  5:56  Robotics Bay  
  89  5:58  Pylon  
  89  5:59  Probe  
  89  6:02  Pylon  
  89  6:03  Probe  
  92  6:04  Observer  
  92  6:13  Stalker  
  94  6:19  Probe  
  94  6:20  Probe  
  94  6:25  Gateway, Templar Archives  
  96  6:28  Gateway  
  96  6:31  Gateway, Probe  
  97  6:33  Gateway, Phoenix  
  97  6:35  Gateway  
  97  6:36  Photon Cannon  
  97  6:39  Probe, Pylon  
  100  6:41  Disruptor (Chrono Boost)  
  100  6:42  Observer  
  103  6:50  Photon Cannon, Observer  
  103  6:51  Shield Battery  
  103  6:52  Zealot x3  
  103  6:53  Zealot  
  111  6:55  Psionic Storm  
  111  7:02  Pylon  
  111  7:09  Disruptor  
  111  7:10  Pylon  
  111  7:15  Probe  
  115  7:17  High Templar  
  115  7:18  High Templar  
  119  7:33  High Templar, Probe  
  119  7:34  Nexus  
  119  7:36  Pylon  
  119  7:37  Probe  
  123  7:42  Protoss Ground Weapons Level 2 (Chrono Boost)  
  123  7:43  Probe  
  118  7:47  Probe  
  118  7:48  Pylon  
  119  7:57  Photon Cannon  
  119  7:58  Photon Cannon  
  119  7:59  High Templar  
  119  8:01  Photon Cannon  
  119  8:02  Photon Cannon  
  119  8:03  Shield Battery  
  119  8:04  Shield Battery  
  121  8:06  High Templar x2  
  121  8:07  Shield Battery  
  121  8:09  Observer (Chrono Boost)  
  121  8:10  Zealot, Pylon  
  121  8:11  Zealot x5  
  138  8:17  Probe  
  138  8:19  Assimilator, Probe  
  140  8:22  Assimilator  
  140  8:23  Pylon  
  140  8:33  High Templar x2  
  136  8:38  Zealot, Archon  
  136  8:39  Zealot x6  
  150  8:50  Stargate, Fleet Beacon  
  150  9:17  Zealot  
  150  9:18  Zealot x3  
  150  9:19  Zealot x2  
  150  9:21  Protoss Air Weapons Level 1  
  150  9:22  Nexus  
  156  9:24  Pylon  
  156  9:25  High Templar  
  150  9:31  Carrier (Chrono Boost)  
  150  9:32  Carrier (Chrono Boost)  
  150  9:35  Stargate  
  150  9:37  Pylon  
  162  9:39  Zealot x2  
  162  9:40  Zealot x3  
  162  9:43  Mothership (Chrono Boost)  
  174  10:12  Archon  
  145  10:18  High Templar x2  
  143  10:22  Photon Cannon  
  143  10:23  Photon Cannon  
  143  10:24  Carrier (Chrono Boost)  
  143  10:25  Photon Cannon  
  143  10:27  Photon Cannon  
  147  10:28  Carrier (Chrono Boost), Shield Battery  
  147  10:29  Shield Battery  
  147  10:34  Shield Battery  
  147  10:35  Pylon  
  153  10:39  Assimilator  
  153  10:40  Assimilator  
  153  10:45  Zealot x3  
  153  10:46  Zealot x3  
  153  10:47  Zealot  
  167  10:54  Protoss Shields Level 1 (Chrono Boost)  
  167  11:00  Blink  
  167  11:03  High Templar  
  167  11:04  High Templar  
  171  11:06  High Templar  
  173  11:17  Pylon, Photon Cannon  
  179  11:19  Carrier (Chrono Boost)  
  179  11:20  Zealot x4  
  187  11:27  Zealot x2  
  191  11:39  Zealot x3  
  196  11:40  Zealot x2  
  190  11:56  High Templar x3  
  190  11:57  High Templar, Carrier (Chrono Boost)  
  188  12:01  Archon  
  188  12:02  Archon  
  188  12:06  Void Ray (Chrono Boost)  
  186  12:09  Dark Shrine  
  186  12:12  Void Ray (Chrono Boost)  
  194  12:21  Zealot  
  194  12:22  Zealot x2  
Tags
 
Add a new tag
Caveats
  • Supply blocks, unpowered buildings, or Contaminate may cause inaccurate times.
  • Supply counts are checked every 10 seconds.